Map: Royal Blood LE

Players

Zzz - Winner!

  • Race: Terran Terran
  • League: Grandmaster
  • Spawn Location: 1:00

PurpleGoose

  • Race: Protoss Protoss
  • League: Master
  • Spawn Location: 7:00

VOD

Have the link to the VOD?

Description

Time

  • Played on: Feb. 4, 2023, 6:14 a.m.
  • Length: 15:15
Show
View Real Time Build Order
Export as new Build Order

Zzz Terran - Winner!

Build Orders:  

Get SALT Encoding   

  12  0:00  SCV  
  13  0:12  SCV  
  14  0:17  Supply Depot  
  14  0:24  SCV  
  15  0:38  SCV  
  15  0:40  Barracks  
  15  0:42  Refinery  
  16  0:51  SCV  
  17  1:03  SCV  
  17  1:15  SCV  
  18  1:23  Supply Depot  
  18  1:32  Marine  
  19  1:33  Orbital Command  
  19  1:48  Refinery  
  19  1:51  Marine  
  20  2:02  Command Center  
  20  2:09  SCV  
  21  2:17  Factory  
  21  2:21  SCV  
  22  2:23  Barracks Reactor  
  22  2:33  SCV  
  23  2:45  SCV  
  23  2:48  Bunker  
  24  2:57  SCV  
  25  3:06  Starport  
  25  3:09  SCV  
  25  3:11  Widow Mine x2  
  29  3:21  Orbital Command, SCV  
  30  3:34  SCV  
  28  3:42  Widow Mine x2  
  28  3:43  Medivac  
  28  3:46  SCV  
  35  3:54  SCV  
  35  3:58  SCV  
  36  4:02  Armory  
  36  4:05  Marine  
  36  4:06  SCV  
  38  4:10  SCV  
  38  4:24  SCV  
  36  4:39  SCV x2  
  36  4:44  Command Center  
  36  4:51  Widow Mine x2, SCV x2  
  42  4:58  Barracks Tech Lab  
  42  5:02  Barracks  
  42  5:03  SCV  
  42  5:04  SCV  
  44  5:13  Widow Mine  
  46  5:18  Widow Mine, SCV x2  
  50  5:28  Concussive Shells, Marauder  
  52  5:29  Supply Depot  
  52  5:30  SCV x2  
  52  5:47  SCV x2  
  52  5:49  Barracks Tech Lab, Marauder  
  54  5:51  Barracks  
  54  5:57  Orbital Command  
  54  5:59  SCV  
  54  6:02  Factory Tech Lab, Marine x2  
  57  6:15  SCV  
  57  6:16  Engineering Bay  
  56  6:21  Marine x2, Marauder  
  56  6:22  Siege Tank  
  56  6:24  SCV  
  64  6:32  SCV  
  65  6:33  Stimpack  
  65  6:38  SCV  
  65  6:39  Marine  
  67  6:43  Marauder  
  67  6:49  Marine  
  67  6:52  Marine  
  63  6:59  SCV x2  
  63  7:04  Marauder  
  64  7:09  Marine  
  64  7:10  Orbital Command  
  64  7:11  SCV x2  
  65  7:17  Marine x2  
  63  7:23  SCV x2  
  63  7:26  Marine, Marauder  
  68  7:34  Marine  
  68  7:35  SCV x2  
  71  7:43  Marine  
  69  7:44  Marine  
  69  7:47  SCV, Marauder  
  69  7:48  SCV  
  74  7:52  Siege Tank  
  74  7:53  Marine  
  74  8:00  SCV x2  
  74  8:01  Marine  
  74  8:05  Barracks  
  77  8:07  Marine, Supply Depot  
  77  8:08  Marine  
  77  8:11  Medivac, Marine  
  77  8:12  SCV  
  83  8:17  Refinery  
  83  8:19  Marine  
  84  8:22  SCV  
  85  8:28  Marine x2  
  85  8:29  Marine  
  85  8:31  Refinery  
  85  8:33  Supply Depot  
  88  8:34  Supply Depot x2  
  88  8:35  Terran Infantry Weapons Level 1  
  88  8:36  SCV  
  88  8:37  Marine  
  92  8:41  Hellion  
  92  8:46  SCV  
  93  8:52  Supply Depot x2  
  93  8:54  Medivac, Marine x2, SCV x2  
  93  8:55  Marauder  
  101  9:03  Orbital Command  
  101  9:07  Missile Turret  
  101  9:12  Missile Turret  
  101  9:14  Infernal Pre-Igniter  
  101  9:15  Marine  
  101  9:16  Missile Turret, Barracks Reactor, Marauder  
  101  9:17  Missile Turret, Barracks Tech Lab  
  104  9:18  SCV  
  104  9:20  Engineering Bay  
  104  9:22  SCV  
  104  9:23  Barracks  
  106  9:26  Missile Turret  
  106  9:27  Starport Reactor  
  106  9:31  Marine  
  106  9:32  Hellion  
  106  9:33  SCV  
  106  9:34  Refinery, SCV  
  106  9:36  Refinery, SCV  
  106  9:37  Factory  
  106  9:38  Marauder  
  114  9:45  Combat Shield, SCV  
  115  9:46  SCV  
  115  9:48  SCV, Terran Infantry Armor Level 1  
  117  9:57  Marine, Hellion, SCV  
  117  9:58  Marine x2, SCV  
  124  10:06  Marine x3  
  117  10:15  Marine x2  
  117  10:16  Medivac, Marine  
  117  10:17  Medivac  
  117  10:19  SCV x2  
  126  10:24  Marine x2, Hellion, Marauder  
  126  10:25  Factory Reactor  
  126  10:27  Supply Depot  
  132  10:32  Supply Depot  
  132  10:33  Terran Infantry Weapons Level 2  
  132  10:37  Ghost Academy  
  132  10:38  Barracks Tech Lab  
  132  10:41  Barracks  
  132  10:42  SCV  
  133  10:46  Missile Turret  
  133  10:47  Supply Depot  
  133  10:49  Medivac, Marine, Hellion, Marauder  
  140  10:52  Supply Depot  
  140  10:53  Medivac  
  140  10:55  Supply Depot, SCV x2  
  144  10:58  Terran Vehicle And Ship Armor Level 1  
  142  11:18  Marine x2  
  142  11:20  Hellion  
  142  11:21  Marine x2, Marauder  
  142  11:23  Hellion x2  
  153  11:28  Marine  
  153  11:29  Medivac x2  
  150  11:36  Marine x2  
  150  11:38  Marine  
  120  11:41  Hellion  
  120  11:42  Marine  
  120  11:43  Marauder  
  120  11:46  Marine  
  125  11:53  Terran Infantry Armor Level 2  
  118  11:54  Marine x2  
  118  11:59  Viking x2  
  124  12:04  Starport, Marauder x3, Barracks Tech Lab  
  130  12:12  Marine  
  131  12:16  Widow Mine  
  131  12:22  Marine  
  135  12:25  Marauder  
  135  12:26  Marauder x3  
  135  12:29  Viking  
  144  12:38  Marine  
  144  12:43  Siege Tank, Hellion  
  144  12:44  Hellion  
  151  12:45  Starport Reactor  
  151  12:46  Viking, Marauder  
  151  12:47  Marauder x2  
  151  12:48  SCV x2  
  161  12:52  Terran Ship Weapons Level 1  
  136  13:06  Marine x2  
  136  13:07  Marauder  
  136  13:08  Marauder  
  136  13:09  Marine, Marauder x2  
  136  13:10  Marine  
  121  13:16  SCV x2  
  120  13:24  Marine  
  121  13:27  SCV  
  121  13:28  SCV x2, Marauder  
  126  13:35  Hellion  
  126  13:39  SCV  
  128  13:50  Marauder x2  
  128  13:54  Marine, Marauder x2  
  125  14:02  Viking  
  127  14:11  Marine, Marauder x2  
  127  14:16  Marauder  
  134  14:18  Marine  
  135  14:24  Marine  
  135  14:25  Marauder  
  135  14:26  Marine  
  139  14:31  Marine  
  139  14:32  Marauder  
  139  14:34  Marine  
  143  14:41  Viking  
Show
View Real Time Build Order
Export as new Build Order

PurpleGoose Protoss 

Build Orders: 1 Gate Expand, Blink Stalkers 

Get SALT Encoding   

  12  0:00  Probe  
  13  0:12  Probe  
  14  0:16  Pylon  
  14  0:24  Probe (Chrono Boost)  
  16  0:36  Probe (Chrono Boost)  
  16  0:37  Gateway  
  16  0:43  Probe (Chrono Boost)  
  16  0:47  Assimilator  
  17  0:52  Probe  
  18  1:04  Probe  
  19  1:16  Probe  
  20  1:27  Nexus  
  20  1:37  Cybernetics Core  
  20  1:40  Probe  
  21  1:51  Pylon  
  21  1:52  Probe  
  22  1:56  Assimilator  
  21  2:04  Probe  
  22  2:12  Adept (Chrono Boost)  
  24  2:16  Warp Gate  
  24  2:18  Probe  
  24  2:22  Twilight Council  
  25  2:33  Stalker (Chrono Boost), Probe  
  28  2:41  Probe  
  29  2:45  Probe  
  30  2:53  Probe (Chrono Boost)  
  30  2:56  Blink (Chrono Boost)  
  32  3:02  Probe (Chrono Boost)  
  32  3:05  Probe (Chrono Boost)  
  33  3:11  Probe (Chrono Boost)  
  35  3:13  Probe (Chrono Boost)  
  35  3:20  Stalker  
  35  3:21  Gateway  
  35  3:24  Probe x2  
  39  3:54  Gateway  
  39  3:56  Robotics Facility  
  39  3:57  Probe x2  
  39  3:59  Gateway  
  39  4:01  Pylon  
  41  4:09  Pylon, Probe x2  
  43  4:26  Probe x2  
  43  4:41  Probe x2  
  43  4:44  Warp Prism (Chrono Boost)  
  43  4:45  Stalker x2  
  51  4:53  Probe x2, Gateway  
  51  4:59  Pylon  
  53  5:04  Gateway  
  53  5:05  Probe  
  54  5:11  Stalker x3  
  54  5:12  Stalker  
  62  5:19  Assimilator  
  62  5:21  Assimilator  
  62  5:23  Pylon  
  62  5:34  Observer (Chrono Boost)  
  61  5:55  Stalker x2  
  61  5:56  Stalker x3  
  71  6:00  Probe x2  
  73  6:10  Pylon  
  71  6:11  Stalker  
  71  6:12  Probe  
  71  6:13  Probe  
  75  6:24  Observer (Chrono Boost)  
  74  6:27  Stalker x2  
  74  6:29  Stalker  
  73  7:02  Stalker x5  
  81  7:21  Charge (Chrono Boost)  
  81  7:22  Stalker  
  77  7:24  Probe x2  
  71  7:37  Probe, Nexus  
  71  7:38  Probe  
  71  7:47  Zealot x2, Stalker x3  
  71  7:50  Probe  
  82  8:00  Zealot  
  82  8:03  Pylon, Probe x2  
  86  8:10  Pylon  
  86  8:13  Pylon  
  84  8:26  Stalker x5  
  94  8:35  Forge  
  94  8:40  Pylon  
  94  8:42  Probe x2  
  94  8:46  Pylon  
  94  8:48  Warp Prism, Observer  
  96  8:54  Probe x2 (Chrono Boost)  
  101  8:57  Probe (Chrono Boost)  
  101  9:03  Zealot  
  101  9:04  Forge, Probe x2 (Chrono Boost), Sentry x2  
  101  9:05  Pylon x2  
  101  9:07  Probe (Chrono Boost)  
  101  9:09  Probe x2 (Chrono Boost)  
  108  9:10  Protoss Ground Armor Level 1 (Chrono Boost)  
  108  9:15  Sentry  
  108  9:16  Zealot x2  
  116  9:17  Probe  
  116  9:23  Robotics Bay  
  117  9:29  Probe  
  118  9:33  Protoss Ground Weapons Level 1 (Chrono Boost)  
  118  9:40  Probe x2  
  118  9:41  Probe  
  118  9:42  Assimilator x2  
  121  9:51  Nexus  
  107  10:13  Zealot x6  
  109  10:18  Observer  
  109  10:21  Gateway  
  109  10:23  Gateway  
  109  10:24  Gateway  
  109  10:27  Gateway x2  
  109  10:29  Colossus (Chrono Boost)  
  115  10:42  Probe x3  
  118  10:47  Zealot x6  
  130  10:50  Extended Thermal Lance  
  130  11:05  Colossus (Chrono Boost)  
  134  11:14  Zealot x5  
  134  11:15  Zealot  
  146  11:20  Sentry  
  146  11:21  Sentry x3  
  114  11:40  Stalker x6  
  117  11:49  Colossus (Chrono Boost), Probe x3  
  125  11:54  Protoss Ground Armor Level 2 (Chrono Boost)  
  125  11:55  Pylon  
  125  12:01  Probe x3  
  127  12:04  Probe  
  129  12:18  Sentry x3  
  129  12:19  Zealot x5  
  129  12:22  Zealot x2  
  149  12:26  Colossus (Chrono Boost)  
  153  12:40  Zealot x4  
  153  12:41  Zealot x3  
  105  13:17  Colossus (Chrono Boost), Zealot x6  
  105  13:18  Zealot x3  
  109  13:28  Templar Archives  
  109  13:32  Zealot  
  111  13:34  Robotics Facility  
  111  13:40  Stalker  
  111  13:41  Stalker x3  
  110  13:54  Zealot x2  
  110  13:55  Zealot x2  
  90  14:04  Sentry  
  90  14:05  Sentry x4  
  98  14:14  Zealot  
  97  14:43  Observer (Chrono Boost)  
  106  15:02  Sentry x3  
Tags
 
Add a new tag
Caveats
  • Supply blocks, unpowered buildings, or Contaminate may cause inaccurate times.
  • Supply counts are checked every 10 seconds.